 Dungeon Sprint DCSS version 0.28-a0-313-gbc0475efdd (webtiles) character file.

Game seed: 11143820360983540105

908 Ankalagon the Cleaver (level 8, -6/79 HPs)
             Began as a Hill Orc Gladiator on Aug 31, 2021.
             Mangled by a boulder beetle (37 damage)
             ... in the Dungeon (Sprint II: "The Violet Keep of Menkaure").
             The game lasted 00:03:52 (1082 turns).

Ankalagon the Cleaver (Hill Orc Gladiator)          Turns: 1082, Time: 00:03:53

Health: -6/79      AC: 13    Str: 17    XL:     8   Next: 8%
Magic:  7/7        EV:  9    Int:  6    God:
Gold:   180        SH:  0    Dex: 14    Spells: 7/7 levels left

rFire   . . .      SeeInvis .   i - +0 battleaxe (freeze)
rCold   + . .      Faith    .   (shield currently unavailable)
rNeg    . . .      Spirit   .   k - +3 chain mail {rC+}
rPois   .          Reflect  .   c - +0 helmet
rElec   .          Harm     .   (no cloak)
rCorr   .          Rampage  .   n - +0 pair of gloves
Will    .....      NoTele   +   (no boots)
Stlth   ..........              (no amulet)
HPRegen 0.00/turn               (no ring)
MPRegen 0.10/turn               (no ring)

@: inhibited regen, unable to read
A: dopey 1, low mp 1, inhibited regeneration, no potion heal 1, inability to
read while threatened
a: no special abilities


You were in the Dungeon.
You visited 1 branch You collected 972 gold pieces.
You spent 792 gold pieces at shops.

Inventory:

Hand Weapons
 a - a +0 war axe
 i - a +0 battleaxe of freezing (weapon)
Missiles
 d - 3 throwing nets (quivered)
Armour
 b - a +0 leather armour
 c - a +0 helmet (worn)
 k - a +3 chain mail of cold resistance (worn)
 m - a +0 pair of boots
 n - a +0 pair of gloves (worn)
Scrolls
 j - a scroll of blinking
 l - a scroll of identify {unknown}
Potions
 e - a potion of curing
 f - a potion of heal wounds
 g - a potion of haste
 h - 2 potions of magic


   Skills:
 - Level 10.2 Fighting
 + Level 12.4 Axes
 - Level 7.8 Throwing
 + Level 1.0 Armour
 - Level 7.4 Dodging


You had 7 spell levels left.
You didn't know any spells.
Your spell library was empty.

Dungeon Overview and Level Annotations

Branches:
Dungeon (1/1)

Altars:
Zin

Shops:
D *::[:=:=:?![[(!

Annotations:
D exclusions: ice statue and oklob plant


Innate Abilities, Weirdness & Mutations

You are dopey. (Int -2)
Your magical capacity is low. (-10% MP)
You do not regenerate when monsters are visible.
Potions are less effective at restoring your health.
You sometimes lose the ability to read scrolls when taking damage.


Message History

m - a +0 pair of boots;
n - a +0 pair of gloves Thank you for shopping at Sufas's Antique Armour Emporium!
You start putting on your armour.
You continue putting on your +0 pair of gloves. x2
The boulder beetle curls into a ball and begins rolling!
You continue putting on your +0 pair of gloves. x2
You finish putting on your +0 pair of gloves.
Okay, then.
Unknown command.
The boulder beetle hits you but does no damage.
The boulder beetle stops rolling and uncurls.
There is an entrance to Pam Cink's Distillery here.
You hit the boulder beetle. You freeze the boulder beetle.
The boulder beetle is lightly wounded.
The boulder beetle bites you!
You barely miss the boulder beetle.
The boulder beetle is lightly wounded.
The boulder beetle bites you!
You feel threatened and lose the ability to read scrolls!
You are too injured to fight recklessly!
You are too injured to fight recklessly!
You are too injured to fight recklessly!
You are too injured to fight recklessly!
You hit the boulder beetle but do no damage.
The boulder beetle is lightly wounded.
The boulder beetle bites you!!
You hit the boulder beetle. You freeze the boulder beetle.
The boulder beetle is lightly wounded.
The boulder beetle bites you but does no damage.
You slash the boulder beetle! You freeze the boulder beetle.
The boulder beetle is moderately wounded.
The boulder beetle leaps!
There is an entrance to Estreuv's Jewellery Shoppe here.
The hell hog squeals angrily.
There is an entrance to Vediasusm's Book Emporium here.
Found 14 gold pieces.
The boulder beetle curls into a ball and begins rolling!
You cannot read scrolls in your current state!
The boulder beetle hits you!!!
You die...

############≈≈#+++#+++
###########≈≈≈......°.
##.......∩#≈≈≈≈.##'##°
##∩.....∩.#≈≈≈≈###.###
##.∩...∩.∩#≈≈≈≈#..#..#
##∩.∩.∩.∩.#≈≈####.#B##
##.∩.∩.○..#≈##.###+###
##....B...#≈#.#.##.##.
##...@....'≈'.##+.<.'#
##........#≈#..###.##.
#▓▓▓▓▓▓▓###≈##.# #+###
##ssF######≈≈####.#.##
#!$F#h ##≈≈≈#.##..#
#∩P!+$. #'#≈###..##
#$(.#$# #.#°≈##'##≈
#(.$ ## ####≈≈≈≈≈≈≈
#+++#+++


You could see a boulder beetle (rolling), a hell hog, an oklob plant, 2 cane
toads and 2 redbacks.

Vanquished Creatures
  4 neqoxecs (D)
  Menkaure (D)
  4 scorpions (D)
  A hell rat (D)
  3 worms (D)
13 creatures vanquished.

Vanquished Creatures (others)
  A water moccasin (D)
1 creature vanquished.

Grand Total: 14 creatures vanquished

Notes
Turn   | Place    | Note
-------+----------+-------------------------------------------
     0 | D        | Ankalagon the Hill Orc Gladiator began the quest for the
                  | Orb.
     0 | D        | Reached XP level 1. HP: 18/18 MP: 1/1
     1 | D        | Noticed a scorpion
     1 | D        | Noticed a scorpion
     1 | D        | Noticed a scorpion
     1 | D        | Noticed a scorpion
     8 | D        | Killed a scorpion
     9 | D        | Reached skill level 5 in Fighting
     9 | D        | Reached skill level 6 in Axes
     9 | D        | Reached XP level 2. HP: 23/29 MP: 2/2
     9 | D        | Reached XP level 3. HP: 29/36 MP: 3/3
     9 | D        | Reached XP level 4. HP: 34/42 MP: 4/4
    10 | D        | Killed a scorpion
    11 | D        | Reached skill level 7 in Axes
    11 | D        | Reached XP level 5. HP: 40/50 MP: 5/5
    13 | D        | Reached skill level 8 in Axes
    13 | D        | Reached skill level 5 in Throwing
    13 | D        | Reached skill level 5 in Dodging
    16 | D        | Reached XP level 6. HP: 49/60 MP: 6/6
    94 | D        | Killed a water moccasin
   138 | D        | Noticed a boulder beetle
   138 | D        | Noticed a boulder beetle
   173 | D        | Noticed a neqoxec
   188 | D        | Killed a neqoxec
   189 | D        | Reached skill level 10 in Axes
   200 | D        | Noticed a neqoxec
   339 | D        | Noticed a neqoxec
   342 | D        | Gained mutation: You sometimes lose the ability to read
                  | scrolls when taking damage. [a neqoxec]
   344 | D        | Gained mutation: You are dopey. (Int -2) [a neqoxec]
   346 | D        | Gained mutation: You do not regenerate when monsters are
                  | visible. [a neqoxec]
   347 | D        | Killed a neqoxec
   348 | D        | Reached XP level 7. HP: 50/70 MP: 7/7
   449 | D        | Gained mutation: Your magical capacity is low. (-10% MP) [a
                  | neqoxec]
   450 | D        | Gained mutation: Potions are less effective at restoring
                  | your health. [a neqoxec]
   452 | D        | Killed a neqoxec
   454 | D        | Noticed a neqoxec
   455 | D        | Found Yrun's Book Emporium.
   455 | D        | Found Pam Cink's Distillery.
   455 | D        | Found Sufas's Antique Armour Emporium.
   455 | D        | Found Estreuv's Jewellery Shoppe.
   455 | D        | Found Yntosk's Magic Scroll Shoppe.
   461 | D        | Found Ajualoeth's Book Shoppe.
   461 | D        | Found Tailuux's Distillery.
   461 | D        | Found Nomuemux's Armour Shoppe.
   461 | D        | Found Immo's Antique Weapon Shoppe.
   467 | D        | Killed a neqoxec
   468 | D        | Reached skill level 10 in Fighting
   468 | D        | Reached skill level 11 in Axes
   468 | D        | Found Ulam Hio's Jewellery Emporium.
   468 | D        | Noticed a cane toad
   468 | D        | Noticed a cane toad
   468 | D        | Noticed a redback
   469 | D        | Found Vediasusm's Book Emporium.
   469 | D        | Found Geawumus's Antique Armour Shoppe.
   469 | D        | Noticed Menkaure
   469 | D        | Noticed an oklob plant
   470 | D        | Found Hamitan's Book Shoppe.
   470 | D        | Found Cauph's General Store.
   470 | D        | Found Ataicwape's Book Shoppe.
   470 | D        | Noticed a redback
   481 | D        | Killed Menkaure
   482 | D        | Reached skill level 12 in Axes
   482 | D        | Reached XP level 8. HP: 71/79 MP: 7/7
   518 | D        | Noticed a hell hog
   518 | D        | Noticed a hell hog
   563 | D        | Bought a battleaxe for 182 gold pieces
   565 | D        | Bought a scroll of brand weapon for 280 gold pieces
   582 | D        | Bought a shiny chain mail for 150 gold pieces
   613 | D        | Reached skill level 1 in Armour
   633 | D        | Noticed an ice statue
   642 | D        | Found a glowing silver altar of Zin.
  1066 | D        | Bought a pair of boots for 90 gold pieces
  1066 | D        | Bought a pair of gloves for 90 gold pieces
  1082 | D        | Mangled by a boulder beetle

Illustrated notes

Levels and vault maps discovered:
D:        the_violet_keep_of_menkaure [sprint2_stairs_cluster_1,
          sprint2_shoproom, sprint2_temple, sprint2_basic_supplies,
          sprint2_obstacle_2, sprint2_obstacle_5, sprint2_obstacle_7,
          sprint2_obstacle_4, sprint2_obstacle_1, sprint2_timed_cluster_1,
          sprint2_smallroom_cluster_1, sprint2_smallroom_final_cluster_1,
          sprint2_transparent_cluster_1, sprint2_second_timed_cluster_1,
          sprint2_sniper_area_1, sprint2_heavy_combat_area_1,
          sprint2_mutation_trap_area_1, sprint2_forest_area_1,
          sprint2_light_combat_area_1, sprint2_behind_water_1,
          sprint2_near_end_vault_1]

Skill      XL: |  1  2  3  4  5  6  7  8 |
---------------+-------------------------+-----
Fighting       | 5 6 7 9 10 | 10.2
Axes           | 6 7 8 10 12 | 12.4
Throwing       | 3 4 5 7 |  7.8
Dodging        | 3 4 5 6 7 |  7.4
Armour         | 1 |  1.0

Action                   |  1- 3 |  4- 6 |  7- 9 || total
-------------------------+-------+-------+-------++-------
Melee: War axe           |     5 |    34 |    16 ||    55
       Battleaxe         |       |       |    10 ||    10
  Use: Potion            |     1 |       |       ||     1
       Scroll            |       |       |     1 ||     1
 Stab: Distracted        |       |       |     1 ||     1
Armor: Leather armour    |     1 |     2 |     2 ||     5
       Chain mail        |       |       |     4 ||     4
Dodge: Dodged            |     1 |     7 |     7 ||    15

Table legend: (Time is in decaauts)
 A = Elapsed time spent in this place.
 B = Non-inter-level travel time spent in this place.
 C = Inter-level travel time spent in this place.
 D = Time resting spent in this place.
 E = Time spent auto-exploring this place.
 F = Levels seen in this place.
 G = Mean time per level.
                   A        B        C        D        E       F      G
               +--------+--------+--------+--------+--------+-----+--------+
         Total |   1109 |   1102 |      7 |    725 |     57 |   1 | 1109.0 |
       Dungeon |   1109 |   1102 |      7 |    725 |     57 |   1 | 1109.0 |
               +--------+--------+--------+--------+--------+-----+--------+

Top non-repeatable levels by time:
       D: 1109 daAuts
